 Dungeon Crawl Stone Soup version 0.29-a0-11-ga75d3d97ab (webtiles) character file.

Game seed: 7721929794596545099

21 HallandMoats the Ruffian (level 2, 27/27 HPs)
             Began as a Ghoul Monk on Jan 28, 2022.
             Was the Champion of Ignis.
             Safely got out of the dungeon.
             The game lasted 00:00:31 (451 turns).

HallandMoats the Ruffian (Ghoul Monk)                Turns: 451, Time: 00:00:31

Health: 27/27      AC:  2    Str: 14    XL:     2   Next: 83%
Magic:  1/1        EV: 12    Int:  5    God:    Ignis [******]
Gold:   46         SH:  0    Dex: 11    Spells: 1/1 levels left

rFire   + . .      SeeInvis .     - Unarmed
rCold   + . .      Faith    .   (no shield)
rNeg    + + +      Spirit   .   a - +0 robe
rPois   ∞          Reflect  .   (no helmet)
rElec   .          Harm     .   (no cloak)
rCorr   .          Rampage  .   (no gloves)
Will    .....                   (no boots)
Stlth   ++........              (no amulet)
HPRegen 0.09/turn               (no ring)
MPRegen 0.07/turn               (no ring)

@: no status effects
A: claws 1, cold resistance 1, negative energy resistance 3, inhibited
regeneration, torment resistance 2
a: Renounce Religion, Fiery Armour, Foxfire Swarm, Rising Flame


You escaped.
You worshipped Ignis.
Ignis was exalted by your worship.
You visited 1 branch of the dungeon, and saw 1 of its levels.

You collected 46 gold pieces.

Inventory:

Armour
 a - a +0 robe (worn)
Scrolls
 b - a scroll of noise {unknown}
 c - 3 scrolls of magic mapping {unknown}
Potions
 d - a potion of flight {unknown}
 e - a potion of curing {unknown}


   Skills:
 * Level 3.6 Fighting
 + Level 0.7 Armour
 + Level 2.8 Dodging
 - Level 2.1 Stealth
 * Level 3.6 Unarmed Combat


You had one spell level left.
You didn't know any spells.
Your spell library was empty.

Dungeon Overview and Level Annotations

Branches:
Dungeon (1/15)

Altars:
Ignis


Innate Abilities, Weirdness & Mutations

You thrive by killing the living.
You are immune to poison.
You have sharp fingernails.
Your flesh is cold resistant. (rC+)
You are immune to negative energy. (rN+++)
You do not regenerate when monsters are visible.
You are immune to unholy pain and torment.


Message History

A hobgoblin is nearby!
A hobgoblin is nearby!
A hobgoblin is nearby!
You closely miss the hobgoblin. The hobgoblin hits you.
You scratch the hobgoblin.
You kill the hobgoblin!
No target in view!
No target in view!
No target in view!
No target in view!
No target in view!
No target in view!
No target in view!
No target in view!
No target in view!
No target in view!
No target in view!
No target in view!
Found a short smoking staff.
Found a stone staircase leading down.
There is a stone staircase leading down here.
You see here a hobgoblin skeleton.
Found a faded altar of an unknown god.
d - an amethyst potion You now have 46 gold pieces (gained 8).
Found a whip.
There is a faded altar of an unknown god here.
e - a green potion
There is a faded altar of an unknown god here.
You cannot tell which god this altar belongs to.
Convert to them anyway?
Ignis accepts your prayer! Ignis welcomes you!
You can now rocket upward and away.
Unknown command.
Press < or > to pray at altars.
(D) Dungeon
Where to? (? - help)
What level of the Dungeon? (default 1, ? - help)
There is a staircase leading out of the dungeon here.
Are you sure you want to leave the Dungeon?
This will make you lose the game!
You have escaped!

#....##.#.###.# #
###......### ###### .
#..#.....## ##..#### #
##.###..#.###.#....# #
#.##.#######.#.#####.# #
#.......## ##.## ##..#
########.##.###.#.###.#.##
..# #.###.#.#.#.#.##..# ..#
#.# ##.#.@.#.####.#
..######.###÷#.#.#.#.###.#
).).......#.###.#.###.#..##
..######...## ##.## ##....#
...# #...(###.#.###.....##
.#.# #.##..#.###.#..#....#
.#.### #.###..##
##..##.##.# .#...###.# ####
#####..#.## .###..##.#
##....#


There were no monsters in sight!

Vanquished Creatures
  2 endoplasms (D:1)
  2 giant cockroaches (D:1)
  2 goblins (D:1)
  4 hobgoblins (D:1)
  3 jackals (D:1)
  A quokka (D:1)
  2 rats (D:1)
16 creatures vanquished.

Notes
Turn   | Place    | Note
-------+----------+-------------------------------------------
     0 | D:1      | HallandMoats the Ghoul Monk began the quest for the Orb.
     0 | D:1      | Reached XP level 1. HP: 19/19 MP: 0/0
   139 | D:1      | Reached XP level 2. HP: 20/26 MP: 1/1
   408 | D:1      | Found a faded altar of an unknown god.
   435 | D:1      | Prayed at the altar of an unknown god.
   435 | D:1      | Became a worshipper of Ignis, the Dying Flame
   435 | D:1      | Reached ****** piety under Ignis
   451 | D:$      | Safely got out of the dungeon.

Illustrated notes

Levels and vault maps discovered:
D:1:      minmay_arrival_diagonal_passages, layout_rooms,
          shapermc_ecumenical_altar_venn

Action                   || total
-------------------------++-------
Melee: Unarmed           ||    52
       Punch             ||     2
 Stab: Distracted        ||     1
Armor: Robe              ||     4
Dodge: Dodged            ||    37

Table legend: (Time is in decaauts)
 A = Elapsed time spent in this place.
 B = Non-inter-level travel time spent in this place.
 C = Inter-level travel time spent in this place.
 D = Time resting spent in this place.
 E = Time spent auto-exploring this place.
 F = Levels seen in this place.
 G = Mean time per level.
                   A        B        C        D        E       F      G
               +--------+--------+--------+--------+--------+-----+--------+
         Total |    447 |    433 |     14 |      0 |    346 |   1 |  447.0 |
       Dungeon |    447 |    433 |     14 |      0 |    346 |   1 |  447.0 |
               +--------+--------+--------+--------+--------+-----+--------+

Top non-repeatable levels by time:
     D:1: 447 daAuts
